[Event "Titled Tuesday Blitz February 15 Early 2022"]
[White "Boraso, Alessio"]
[Black "Kuzmin, Roman"]
[WhiteFideId "848077"]
[BlackFideId "44134932"]
[WhiteElo "2277"]
[BlackElo "1978"]
[Result "1-0"]
[Round "09"]
[TimeControl "180+1"]
[Date "2022.02.15"]
[WhiteClock "0:00:16"]
[BlackClock "0:00:19"]

1. e4 c5 2. Nc3 e6 3. g3 Nc6 4. Bg2 g6 5. d3 Bg7 6. f4 Nge7 7. Be3 d6 8. Nf3 O-O 9. O-O b6 10. Qd2 Rb8 11. g4 f5 12. h3 d5 13. Ne2 dxe4 14. dxe4 fxe4 15. Ng5 e5 16. Bxe4 exf4 17. Nxf4 Qxd2 18. Bxd2 Bxb2 19. Rae1 Bd4+ 20. Kg2 Ba6 21. Rf3 Ne5 22. Ra3 Nc4 23. Rxa6 Nxd2 24. Rxa7 Rxf4 25. Rxe7 Rf2+ 26. Kg3 Nxe4+ 27. R1xe4 Rxc2 28. Nxh7 Ra8 29. R4e6 Bf2+ 30. Kf4 Bh4 31. Rxg6+ Kh8 32. Rb7 Re8 33. g5 Rc4+ 34. Kf5 Bg3 35. Rh6 Re5+ 36. Kf6 Rf4+ 37. Kxe5 Rf7+ 38. Kd5 Rxb7 39. Nf6+ Kg7 40. Rh7+ Kg6 41. Rxb7 Kxg5 42. Ne4+ Kf4 43. Nxg3 Kxg3 44. Rxb6 Kxh3 45. Rb2 Kg3 46. Rc2 Kf3 47. Rc4 Ke3 48. Rxc5 Kd2 49. Rc4 Kd3 50. Rd4+ Ke2 51. Rc4 Kf2 52. Rb4 Kg2 53. a4 Kg3 54. a5 Kf2 55. a6 Kf3 56. a7 Kg2 57. a8=Q Kf2 58. Qa3 Kg1 59. Rb2 1-0


[Site "https://www.chess.com"]

[Event "Titled Tuesday Blitz February 15 Early 2022"]
[White "Borisova, Ekaterina"]
[Black "Dronavalli, Harika"]
[WhiteFideId "34124184"]
[BlackFideId "5015197"]
[WhiteElo "2034"]
[BlackElo "2382"]
[Result "1-0"]
[Round "09"]
[TimeControl "180+1"]
[Date "2022.02.15"]
[WhiteClock "0:00:30"]
[BlackClock "0:00:27"]

1. d4 Nf6 2. c4 e6 3. Nc3 Bb4 4. f3 c5 5. d5 b5 6. e4 d6 7. Ne2 O-O 8. Nf4 e5 9. Ne2 bxc4 10. Ng3 Ne8 11. Be2 Nd7 12. O-O Nb6 13. f4 exf4 14. Bxf4 Qe7 15. Bg4 Bxc3 16. bxc3 g6 17. Bxc8 Rxc8 18. Rb1 Ng7 19. Qg4 Na4 20. Bg5 f6 21. Bxf6 Qc7 22. h4 Rb8 23. Rxb8 Qxb8 24. h5 Qe8 25. h6 Rxf6 26. Rxf6 Qe7 27. Qc8+ Ne8 28. Re6 1-0


[Site "https://www.chess.com"]

[Event "Titled Tuesday Blitz February 15 Early 2022"]
[White "Bortnyk, Olexandr"]
[Black "Safarli, Eltaj"]
[WhiteFideId "14120828"]
[BlackFideId "13402129"]
[WhiteElo "2723"]
[BlackElo "2634"]
[Result "0-1"]
[Round "09"]
[TimeControl "180+1"]
[Date "2022.02.15"]
[WhiteClock "0:00:01"]
[BlackClock "0:00:11"]

1. e4 c5 2. c3 Nf6 3. e5 Nd5 4. d4 cxd4 5. Nf3 Nc6 6. cxd4 d6 7. Bc4 dxe5 8. dxe5 Ndb4 9. Qb3 e6 10. O-O Na5 11. Bb5+ Bd7 12. Qa4 Bxb5 13. Qxb5+ Nac6 14. Na3 a6 15. Qc4 Qd3 16. Be3 b5 17. Qg4 Qg6 18. Qxg6 hxg6 19. Rac1 Be7 20. Nb1 Rc8 21. a3 Nd5 22. Bd2 Kd7 23. Nc3 Nb6 24. Rfd1 Nc4 25. Bh6+ Kc7 26. Bxg7 Rhd8 27. Rxd8 Rxd8 28. b3 Bxa3 29. Rb1 Nd2 30. Nxd2 Rxd2 31. h4 Nd4 32. Ne4 Rb2 33. Rxb2 Bxb2 34. b4 Nc6 35. Ng5 Bxe5 36. Bf8 Bd6 37. Bxd6+ Kxd6 38. Nxf7+ Ke7 39. Ng5 Nxb4 40. g4 Nd3 41. h5 gxh5 42. gxh5 b4 43. h6 Ne5 44. h7 Ng6 45. Ne4 b3 46. Kf1 a5 47. Nc3 Kd6 48. Ke2 Kc5 49. Kd3 Kb4 0-1


[Site "https://www.chess.com"]

[Event "Titled Tuesday Blitz February 15 Early 2022"]
[White "Brunner, Nicolas"]
[Black "Goldin, Roman"]
[WhiteFideId "620246"]
[BlackFideId "2803860"]
[WhiteElo "2372"]
[BlackElo "2312"]
[Result "1-0"]
[Round "09"]
[TimeControl "180+1"]
[Date "2022.02.15"]
[WhiteClock "0:00:44"]
[BlackClock "0:00:23"]

1. d4 Nf6 2. c4 c6 3. Nc3 d5 4. e3 Qb6 5. Nf3 Bg4 6. h3 Bxf3 7. Qxf3 e6 8. Bd3 Nbd7 9. O-O Be7 10. Rd1 dxc4 11. Bxc4 e5 12. d5 O-O 13. d6 Bd8 14. e4 Qb4 15. Bb3 Bb6 16. Bg5 Bd4 17. Ne2 Bxb2 18. Rab1 Qa3 19. Ng3 Kh8 20. Nf5 Bd4 21. Nxd4 exd4 22. Rxd4 Ne5 23. Qf5 Nfd7 24. f4 Qc5 25. Rd1 g6 26. Bf6+ Kg8 27. Qg5 h6 28. Qh4 Nxf6 29. Qxf6 Nd7 30. Qxg6+ Kh8 31. Qxh6+ Kg8 32. Qg6+ Kh8 33. Bxf7 1-0


[Site "https://www.chess.com"]

[Event "Titled Tuesday Blitz February 15 Early 2022"]
[White "Budrewicz, Krzysztof"]
[Black "Bon, Michael"]
[WhiteFideId "1127950"]
[BlackFideId "620696"]
[WhiteElo "2248"]
[BlackElo "2441"]
[Result "1-0"]
[Round "09"]
[TimeControl "180+1"]
[Date "2022.02.15"]
[WhiteClock "0:01:08"]
[BlackClock "0:00:09"]

1. d4 Nf6 2. c4 c5 3. d5 b5 4. Nf3 Bb7 5. Bg5 Ne4 6. Bf4 f5 7. e3 g6 8. Nbd2 Qa5 9. Bd3 Bg7 10. O-O Nxd2 11. Nxd2 a6 12. Qc2 d6 13. e4 fxe4 14. Nxe4 O-O 15. Bd2 Qc7 16. Ng5 Bc8 17. Rae1 b4 18. h4 Qd8 19. h5 h6 20. Ne6 Bxe6 21. Rxe6 g5 22. Rfe1 Ra7 23. Bf5 Bf6 24. Bg4 Qe8 25. Rxd6 exd6 26. Rxe8 Rxe8 27. Qg6+ Bg7 28. Qxe8+ 1-0


[Site "https://www.chess.com"]

[Event "Titled Tuesday Blitz February 15 Early 2022"]
[White "Bugayev, Vladimir"]
[Black "Volkov, Maksim"]
[WhiteFideId "30901480"]
[BlackFideId "54123070"]
[WhiteElo "2401"]
[BlackElo "2081"]
[Result "1-0"]
[Round "09"]
[TimeControl "180+1"]
[Date "2022.02.15"]
[WhiteClock "0:00:34"]
[BlackClock "0:00:19"]

1. e4 c5 2. Nc3 d6 3. f4 g6 4. Nf3 Bg7 5. Bc4 Nc6 6. O-O e6 7. d4 cxd4 8. Nb5 Nf6 9. e5 Ne4 10. Nbxd4 dxe5 11. Nxc6 Qb6+ 12. Kh1 Qxc6 13. Qe2 Nd6 14. Nxe5 Bxe5 15. Qxe5 O-O 16. Bb3 Nf5 17. Bd2 f6 18. Qe2 b6 19. Bc3 Kf7 20. Rae1 Re8 21. Qc4 Bb7 22. Qxc6 Bxc6 23. Kg1 a5 24. a3 h5 25. Kf2 Ra7 26. Re2 Bb5 27. Rfe1 Bxe2 28. Rxe2 b5 29. g3 a4 30. Ba2 Rae7 31. Bb4 Rd7 32. Bc3 Rd6 33. h3 Kg7 34. g4 hxg4 35. hxg4 Nd4 36. Rd2 e5 37. Bb4 Rd7 38. c3 Red8 39. cxd4 exd4 40. Be6 Rb7 41. f5 gxf5 42. gxf5 Kh6 43. Kf3 Kg5 44. Rg2+ Kh4 45. Be1+ Kh5 46. Bd2 1-0


[Site "https://www.chess.com"]

[Event "Titled Tuesday Blitz February 15 Early 2022"]
[White "Buscar, Michael"]
[Black "Mirzanurov, Bulat"]
[WhiteFideId "2603616"]
[BlackFideId "4184521"]
[WhiteElo "2010"]
[BlackElo "2116"]
[Result "1-0"]
[Round "09"]
[TimeControl "180+1"]
[Date "2022.02.15"]
[WhiteClock "0:00:20"]
[BlackClock "0:00:02"]

1. e4 c5 2. Be2 e6 3. c3 d5 4. exd5 exd5 5. d3 Nf6 6. Nf3 Be7 7. Nbd2 O-O 8. Nf1 Nc6 9. Ng3 d4 10. O-O Be6 11. Re1 Qc7 12. Bd2 Rad8 13. Qc1 Bd6 14. Nh4 Nd5 15. Bg5 Rde8 16. Bf1 Bf4 17. Bxf4 Nxf4 18. Ne4 b6 19. Ng5 h6 20. Nxe6 Rxe6 21. Qd2 Rfe8 22. g3 Ng6 23. Nxg6 fxg6 24. Bg2 Ne5 25. Bd5 Qd6 26. c4 Kh8 27. f4 Rf6 28. fxe5 Rxe5 29. Rxe5 Qxe5 30. Re1 Qf5 31. Qe2 Kh7 32. Be4 Qg5 33. Rf1 h5 34. Rxf6 Qxf6 35. Qf2 Qe5 36. Qf3 Qg5 37. h4 Qc1+ 38. Kg2 Qxb2+ 39. Kh3 Qxa2 40. Qxh5+ Kg8 41. Qxg6 Qf2 42. Bd5+ Kh8 43. Be4 Qf1+ 44. Kg4 Qe2+ 45. Kf4 Qf2+ 46. Ke5 1-0


[Site "https://www.chess.com"]

[Event "Titled Tuesday Blitz February 15 Early 2022"]
[White "Chernomordik, Pavel"]
[Black "Khripachenko, Alexander"]
[WhiteFideId "2804530"]
[BlackFideId "54184975"]
[WhiteElo "2249"]
[BlackElo "2177"]
[Result "0-1"]
[Round "09"]
[TimeControl "180+1"]
[Date "2022.02.15"]
[WhiteClock "0:00:01"]
[BlackClock "0:00:59"]

1. e4 c5 2. Nc3 Nc6 3. Bb5 Na5 4. f4 a6 5. Be2 b5 6. d4 cxd4 7. Qxd4 Bb7 8. Nf3 e6 9. e5 Rc8 10. Be3 Ne7 11. Qb6 Qxb6 12. Bxb6 Nc4 13. Bxc4 Rxc4 14. Nd2 Rxf4 15. O-O-O Ng6 16. Be3 Rg4 17. a4 bxa4 18. h3 Rb4 19. Nf3 Bxf3 20. gxf3 Nxe5 21. Ne4 d5 22. Nd2 a3 23. bxa3 Ra4 24. Kb2 Rxa3 25. Rhe1 Nc6 26. Ra1 Rxa1 27. Rxa1 Kd7 28. Rxa6 Bd6 29. Nb3 Rb8 30. Kc1 Ne5 31. Ra7+ Ke8 32. Bc5 Bxc5 33. Nxc5 Rc8 34. Nb7 Rc7 35. Nd6+ Kd7 36. Ra6 Rc6 37. Rxc6 Kxc6 38. Ne8 g6 39. Nf6 h5 40. f4 Nc4 41. Nh7 Kd6 42. Ng5 Ke7 43. Nf3 Ne3 0-1


[Site "https://www.chess.com"]

[Event "Titled Tuesday Blitz February 15 Early 2022"]
[White "Chincholimath, Halsagar"]
[Black "Urbina Quiroz, Edwin"]
[WhiteFideId "5022487"]
[BlackFideId "6500650"]
[WhiteElo "1737"]
[BlackElo "2130"]
[Result "0-1"]
[Round "09"]
[TimeControl "180+1"]
[Date "2022.02.15"]
[WhiteClock "0:00:14"]
[BlackClock "0:00:08"]

1. e4 e5 2. Nf3 Nc6 3. Nc3 Nf6 4. d4 exd4 5. Nxd4 Bb4 6. Nxc6 bxc6 7. Bd3 d5 8. O-O O-O 9. exd5 cxd5 10. Bg5 c6 11. Qf3 Bd6 12. Ne2 Rb8 13. b3 Rb4 14. Ng3 Bg4 15. Bxf6 Qxf6 16. Qxf6 gxf6 17. h3 Be6 18. Nh5 Kh8 19. c3 Rh4 20. Nxf6 Be5 21. Ng4 Bxg4 22. hxg4 Rxg4 23. Rfc1 Rfg8 24. Bf1 c5 25. Rc2 d4 26. cxd4 Bxd4 27. Re1 R8g6 28. Re7 Kg7 29. Rce2 Rh6 30. R7e4 Rg5 31. R2e3 Bxe3 32. Rxe3 Rh4 33. g3 Rb4 34. Kg2 a5 35. Re7 a4 36. Kh2 axb3 37. axb3 Rf5 38. Kg2 Rxb3 39. g4 Rf6 40. g5 Rf5 41. Kh2 Rxf2+ 42. Kg1 Rf5 43. Bc4 Rb1+ 44. Kg2 Rxg5+ 45. Kh3 Rh1# 0-1


[Site "https://www.chess.com"]

[Event "Titled Tuesday Blitz February 15 Early 2022"]
[White "Corrales Jimenez, Fidel"]
[Black "Vokhidov, Shamsiddin"]
[WhiteFideId "3506690"]
[BlackFideId "14204223"]
[WhiteElo "2541"]
[BlackElo "2611"]
[Result "0-1"]
[Round "09"]
[TimeControl "180+1"]
[Date "2022.02.15"]
[WhiteClock "0:00:22"]
[BlackClock "0:00:21"]

1. d4 Nf6 2. c4 e6 3. Nc3 Bb4 4. a3 Bxc3+ 5. bxc3 b6 6. f3 Ba6 7. e4 Nc6 8. Bd3 Na5 9. Qe2 c5 10. d5 d6 11. f4 O-O 12. Nf3 exd5 13. cxd5 Bxd3 14. Qxd3 Re8 15. O-O Nxe4 16. Ng5 c4 17. Qf3 Qe7 18. Kh1 h6 19. Nh3 Qf6 20. Be3 Nb3 21. Rad1 Nxc3 22. Rde1 Qf5 23. Bg1 Qd3 24. Qg4 Nxd5 25. f5 Nf6 26. Qf4 c3 27. Rd1 Qe4 28. Qxd6 c2 29. Rde1 Qxe1 30. Rxe1 Rxe1 31. Qc6 c1=Q 32. Qxa8+ Kh7 33. Qxa7 Qc4 34. Qxb6 Nd4 35. Nf4 Rxg1+ 36. Kxg1 Qc1+ 0-1


[Site "https://www.chess.com"]

[Event "Titled Tuesday Blitz February 15 Early 2022"]
[White "Csonka, Balazs"]
[Black "Przybylski, Wojciech"]
[WhiteFideId "742910"]
[BlackFideId "1117599"]
[WhiteElo "2404"]
[BlackElo "2133"]
[Result "0-1"]
[Round "09"]
[TimeControl "180+1"]
[Date "2022.02.15"]
[WhiteClock "0:00:02"]
[BlackClock "0:00:13"]

1. e4 e5 2. Nf3 Nc6 3. Nc3 Nf6 4. Bb5 Nd4 5. Bc4 Nxf3+ 6. gxf3 c6 7. Qe2 b5 8. Bb3 b4 9. Nd1 g6 10. d3 Nh5 11. Be3 Qf6 12. a3 bxa3 13. bxa3 Nf4 14. Bxf4 exf4 15. e5 Qf5 16. d4 Bg7 17. Nc3 O-O 18. Ne4 d5 19. exd6 Bxd4 20. O-O-O Bg7 21. Qc4 Qe5 22. Rhe1 Qa1+ 23. Kd2 Qxa3 24. Qc5 Qb2 25. Rb1 Qe5 26. Qxe5 Bxe5 27. d7 Bxd7 28. Nc5 Bf6 29. Nxd7 Rad8 30. Kd3 Rxd7+ 31. Ke4 Bg5 0-1


[Site "https://www.chess.com"]

[Event "Titled Tuesday Blitz February 15 Early 2022"]
[White "Cunjalo, Faris"]
[Black "Grischuk, Alexander"]
[WhiteFideId "14410710"]
[BlackFideId "4126025"]
[WhiteElo "2263"]
[BlackElo "2762"]
[Result "0-1"]
[Round "09"]
[TimeControl "180+1"]
[Date "2022.02.15"]
[WhiteClock "0:00:01"]
[BlackClock "0:00:06"]

1. d4 e6 2. Nf3 c5 3. e3 Nf6 4. Bd3 d5 5. O-O Nbd7 6. b3 b6 7. Bb2 Bb7 8. Nbd2 Bd6 9. Ne5 Qc7 10. f4 a6 11. Qe2 b5 12. c3 O-O 13. Qf3 c4 14. Bc2 b4 15. bxc4 dxc4 16. Qh3 bxc3 17. Bxc3 g6 18. e4 Rac8 19. Rf3 Nh5 20. Ng4 f5 21. Nh6+ Kg7 22. exf5 Bxf3 23. Nxf3 Nxf4 24. d5+ Nf6 25. Bxf6+ Rxf6 26. Qh4 gxf5 27. dxe6 Rxh6 28. Qg5+ Rg6 0-1


[Site "https://www.chess.com"]

[Event "Titled Tuesday Blitz February 15 Early 2022"]
[White "Daneshvar, Bardiya"]
[Black "Cherniaiev, Tykhon"]
[WhiteFideId "12576468"]
[BlackFideId "14182360"]
[WhiteElo "2295"]
[BlackElo "2289"]
[Result "1-0"]
[Round "09"]
[TimeControl "180+1"]
[Date "2022.02.15"]
[WhiteClock "0:00:46"]
[BlackClock "0:00:04"]

1. d4 Nf6 2. c4 e6 3. Nf3 d5 4. Nc3 Bb4 5. Bg5 h6 6. Bh4 O-O 7. e3 dxc4 8. Bxc4 c5 9. O-O cxd4 10. Nxd4 Nc6 11. Nxc6 bxc6 12. Qf3 Bxc3 13. bxc3 Bb7 14. Rab1 Qe7 15. e4 e5 16. Bxf6 gxf6 17. Qe3 Kh7 18. f4 exf4 19. Rxf4 Rg8 20. e5 Rg6 21. Bd3 Rg8 22. Rxf6 Bc8 23. Rbf1 Be6 24. Bxg6+ Rxg6 25. Rxg6 fxg6 26. Qd4 Bd5 27. c4 Be6 28. Qd6 Qxd6 29. exd6 Kg7 30. Rd1 Bd7 31. Re1 Kf6 32. Re7 Be6 33. c5 a5 34. Ra7 Bxa2 35. Rxa5 Bd5 36. g3 Ke6 37. Kf2 g5 38. Ke3 h5 39. Ra7 Bb3 40. Re7+ Kf6 41. Kd4 Be6 42. Rc7 Bd5 43. Rc8 Ke6 44. Re8+ Kd7 45. Re7+ Kd8 46. Ke5 h4 47. Rg7 hxg3 48. hxg3 Ke8 49. d7+ Kd8 50. Kd6 g4 51. Rxg4 Bc4 52. Rf4 Bf7 53. Ra4 Bb3 54. Ra8# 1-0


[Site "https://www.chess.com"]

[Event "Titled Tuesday Blitz February 15 Early 2022"]
[White "Dauner, Benedikt"]
[Black "Galchenko, Matvey"]
[WhiteFideId "16225899"]
[BlackFideId "24175480"]
[WhiteElo "2230"]
[BlackElo "2453"]
[Result "0-1"]
[Round "09"]
[TimeControl "180+1"]
[Date "2022.02.15"]
[WhiteClock "0:00:07"]
[BlackClock "0:00:07"]

1. Nf3 c5 2. b4 cxb4 3. a3 e6 4. e4 d5 5. e5 Nc6 6. d4 Bd7 7. Bd3 a6 8. h4 Rc8 9. Be3 bxa3 10. c3 h6 11. Kf1 Na5 12. Kg1 Nc4 13. Bc1 Ne7 14. Nxa3 Qc7 15. Nc2 Bb5 16. Rh3 Nc6 17. Rg3 N6a5 18. Nb4 Qd7 19. h5 Nc6 20. Nc2 Nb6 21. Bxb5 axb5 22. Rb1 Na4 23. Bd2 Na5 24. Be1 Nxc3 25. Bxc3 Rxc3 26. Qd2 Qc6 27. Ne3 b4 28. Ra1 b6 29. Nd1 Nb3 30. Qa2 Nxa1 31. Nxc3 bxc3 32. Ne1 c2 33. Nd3 c1=Q+ 34. Nxc1 Qxc1+ 35. Kh2 Be7 36. Qa8+ Bd8 37. Rxg7 Qf4+ 38. Kg1 Qc1+ 39. Kh2 Qf4+ 40. Kg1 Qxd4 41. Qb7 Qf4 42. g3 Qf5 43. Qc6+ Kf8 44. g4 Qb1+ 45. Kg2 Kxg7 46. Qc3 Qe4+ 47. f3 Qc2+ 48. Kg3 Qxc3 49. g5 Qxe5+ 50. Kg4 Qxg5+ 51. Kh3 Nc2 52. f4 Qxf4 53. Kg2 Ne3+ 54. Kh3 Qg4+ 55. Kh2 Qg2# 0-1


[Site "https://www.chess.com"]

[Event "Titled Tuesday Blitz February 15 Early 2022"]
[White "De Silva, L M S T"]
[Black "Al-Tarboush, Ward"]
[WhiteFideId "9953698"]
[BlackFideId "7601450"]
[WhiteElo "1631"]
[BlackElo "2276"]
[Result "1-0"]
[Round "09"]
[TimeControl "180+1"]
[Date "2022.02.15"]
[WhiteClock "0:01:58"]
[BlackClock "0:01:17"]

1. Nf3 d5 2. b3 Nf6 3. Bb2 Nc6 4. e3 Bg4 5. d4 e6 6. Be2 Bd6 7. O-O O-O 8. c4 dxc4 9. bxc4 Re8 10. Nc3 e5 11. h3 Bh5 12. d5 Ne7 13. Nd2 Bg6 14. e4 c6 15. Qb3 Qb6 16. Qxb6 axb6 17. Rfb1 b5 18. dxc6 bxc6 19. cxb5 cxb5 20. Nxb5 Bb8 21. f3 Nc6 22. a4 Nh5 23. Nc4 Nf4 24. Bf1 f5 25. Ncd6 fxe4 26. Nxe8 Bxe8 27. fxe4 Bg6 28. Bc4+ Kh8 29. Rf1 Bxe4 30. g3 Ng6 31. Rae1 Bc2 32. Bd5 Ra6 33. Rc1 Nb4 34. Bb3 Bxb3 35. Rc8+ Bg8 36. Rxb8 Rxa4 37. Nc3 Nc6 38. Rxg8+ 1-0


[Site "https://www.chess.com"]

[Event "Titled Tuesday Blitz February 15 Early 2022"]
[White "De Souza Sa, Apolo"]
[Black "Rodchenkov, Sergey D."]
[WhiteFideId "324225390"]
[BlackFideId "4168712"]
[WhiteElo "1828"]
[BlackElo "2306"]
[Result "0-1"]
[Round "09"]
[TimeControl "180+1"]
[Date "2022.02.15"]
[WhiteClock "0:00:21"]
[BlackClock "0:01:11"]

1. d4 d5 2. c4 dxc4 3. Nf3 Nf6 4. e3 e6 5. Bxc4 c5 6. Qe2 a6 7. dxc5 Bxc5 8. O-O O-O 9. Rd1 Qc7 10. a3 b5 11. Bd3 Bb7 12. b4 Bd6 13. Nbd2 Nbd7 14. Bb2 Rac8 15. Rac1 Qb8 16. e4 Nh5 17. g3 Ne5 18. Bb1 Nf6 19. Nb3 Nxf3+ 20. Qxf3 Be5 21. Bxe5 Qxe5 22. Nc5 Ba8 23. Qe3 Qh5 24. Kg2 Ng4 25. Qf4 Qxh2+ 26. Kf1 Qh5 27. Kg2 e5 28. Qf5 Qxf5 0-1


[Site "https://www.chess.com"]

[Event "Titled Tuesday Blitz February 15 Early 2022"]
[White "Deac, Bogdan-Daniel"]
[Black "Chigaev, Maksim"]
[WhiteFideId "1226380"]
[BlackFideId "4108116"]
[WhiteElo "2646"]
[BlackElo "2502"]
[Result "0-1"]
[Round "09"]
[TimeControl "180+1"]
[Date "2022.02.15"]
[WhiteClock "0:00:01"]
[BlackClock "0:00:05"]

1. e4 e5 2. Nf3 Nc6 3. Bb5 a6 4. Ba4 Nf6 5. O-O Be7 6. d3 d6 7. c3 O-O 8. Re1 Re8 9. Nbd2 Bf8 10. Nf1 b5 11. Bc2 h6 12. Ng3 Ne7 13. a4 Rb8 14. d4 Ng6 15. axb5 axb5 16. h3 c5 17. Be3 c4 18. b3 cxb3 19. Bxb3 Be6 20. Ra7 Ra8 21. Rb7 Qc8 22. Rxb5 Qxc3 23. Bxe6 Rxe6 24. Qb1 Ree8 25. Rc1 Qa3 26. Rb7 Qa2 27. Qxa2 Rxa2 28. Rcc7 exd4 29. Bxd4 Nxe4 30. Nxe4 Rxe4 31. Be3 Re7 32. Nd4 Rxc7 33. Rxc7 Ra1+ 34. Kh2 Ra8 35. Nf5 Ne5 36. f4 Ng6 37. Rd7 Re8 38. g3 Re6 39. Bf2 Ne7 40. Nxd6 Re2 41. Kg1 Rd2 42. Rd8 Nc6 43. Rxf8+ Kxf8 44. Ne4 Rd1+ 45. Kg2 f6 46. f5 Ne5 47. g4 Kg8 48. Bc5 Kh7 49. Bf2 Rd5 50. Ng3 Nf7 51. Nh5 Ra5 52. Nf4 Ra6 53. Kg3 Ng5 54. Be3 Ra3 55. Ng2 Ne4+ 56. Kf3 Ng5+ 57. Kg3 Nf7 58. Kf3 Ne5+ 59. Kf4 g5+ 60. fxg6+ Kxg6 61. Nh4+ Kf7 62. Nf5 Ng6+ 63. Ke4 h5 64. gxh5 Ra4+ 65. Bd4 Nf8 66. h6 Kg6 67. Ne7+ Kxh6 0-1


[Site "https://www.chess.com"]

[Event "Titled Tuesday Blitz February 15 Early 2022"]
[White "Desideri, Ricardo Maruchi"]
[Black "Golsta, Madara"]
[WhiteFideId "2110440"]
[BlackFideId "11607386"]
[WhiteElo "1945"]
[BlackElo "1997"]
[Result "1-0"]
[Round "09"]
[TimeControl "180+1"]
[Date "2022.02.15"]
[WhiteClock "0:00:34"]
[BlackClock "0:00:49"]

1. e4 c5 2. Nf3 d6 3. d4 cxd4 4. Nxd4 Nf6 5. Nc3 g6 6. Be3 Bg7 7. Bc4 Nc6 8. f3 O-O 9. Bb3 d5 10. exd5 Na5 11. O-O Nxb3 12. Nxb3 a5 13. a4 Bf5 14. Qd2 Rc8 15. Rad1 Qc7 16. Nd4 Bd7 17. Kh1 Rfd8 18. Bf4 Qc4 19. Ndb5 Bxb5 20. axb5 Nh5 21. Be3 Bxc3 22. bxc3 Qxc3 23. Bb6 Rd7 24. Bxa5 Qxc2 25. Rc1 Qxd2 26. Rxc8+ Kg7 27. Bxd2 Rxd5 28. Bc3+ f6 29. Re1 Kf7 30. Rc7 Rxb5 31. Rcxe7+ 1-0


[Site "https://www.chess.com"]

[Event "Titled Tuesday Blitz February 15 Early 2022"]
[White "Deuer, Marius"]
[Black "Zaichenko, Daria"]
[WhiteFideId "16236432"]
[BlackFideId "4197453"]
[WhiteElo "2091"]
[BlackElo "2039"]
[Result "0-1"]
[Round "09"]
[TimeControl "180+1"]
[Date "2022.02.15"]
[WhiteClock "0:01:06"]
[BlackClock "0:02:21"]

1. e4 c5 2. Nf3 Nc6 3. d4 cxd4 4. Nxd4 Nf6 5. Nc3 d6 6. Bg5 e6 7. Qd2 a6 8. O-O-O Be7 9. f4 Bd7 10. Nf3 b5 11. Bxf6 gxf6 12. Bd3 Qb6 13. f5 Na5 14. Ne2 Nc4 15. Bxc4 bxc4 16. Kb1 Rb8 17. c3 Bc6 18. Ng3 Kd7 19. fxe6+ fxe6 20. e5 d5 21. exf6 Ba3 22. Ne5+ Kc7 23. b3 cxb3 24. Rhe1 bxa2+ 25. Kxa2 Qb3+ 26. Ka1 Bb2+ 27. Kb1 Bxc3+ 28. Kc1 Qb1# 0-1


[Site "https://www.chess.com"]

[Event "Titled Tuesday Blitz February 15 Early 2022"]
[White "Domingo Nunez, Alejandro"]
[Black "Bettalli, Francesco"]
[WhiteFideId "22245561"]
[BlackFideId "2816453"]
[WhiteElo "2215"]
[BlackElo "2216"]
[Result "0-1"]
[Round "09"]
[TimeControl "180+1"]
[Date "2022.02.15"]
[WhiteClock "0:00:01"]
[BlackClock "0:00:02"]

1. d4 e5 2. dxe5 Nc6 3. Nf3 Qe7 4. Qd5 h6 5. Nc3 g5 6. Nb5 Qd8 7. Bd2 a6 8. Nbd4 Bg7 9. Nf5 Bf8 10. e3 Nge7 11. Nxe7 Qxe7 12. Bc4 Bg7 13. Bc3 b5 14. Bd3 Bb7 15. Be4 Rb8 16. Qd3 Nxe5 17. Nxe5 Bxe5 18. Bxb7 Rxb7 19. O-O-O c6 20. h4 g4 21. Bxe5 Qxe5 22. Qa3 Ra7 23. Rd4 h5 24. Rhd1 d5 25. Qc5 Rc7 26. e4 Qe7 27. Qc3 O-O 28. exd5 cxd5 29. Qg3 Rfc8 30. R4d2 d4 31. Qd3 Rc4 32. Kb1 a5 33. Qf5 R8c5 34. Qd3 a4 35. b3 axb3 36. axb3 Rb4 37. Re2 Qc7 38. Re8+ Kg7 39. Qd2 Qa5 40. Ra8 Qxa8 41. Qxb4 Qc6 42. Qxd4+ Kg6 43. Rd2 Rf5 0-1


[Site "https://www.chess.com"]

[Event "Titled Tuesday Blitz February 15 Early 2022"]
[White "Dubov, Daniil"]
[Black "Srihari L R"]
[WhiteFideId "24126055"]
[BlackFideId "46617116"]
[WhiteElo "2791"]
[BlackElo "2121"]
[Result "1-0"]
[Round "09"]
[TimeControl "180+1"]
[Date "2022.02.15"]
[WhiteClock "0:00:04"]
[BlackClock "0:00:02"]

1. e4 c6 2. d4 d5 3. exd5 cxd5 4. c3 Nc6 5. Bf4 Nf6 6. Nd2 g6 7. Ngf3 Bg7 8. Be2 O-O 9. O-O Bf5 10. Qb3 Qc8 11. Rfe1 Ne4 12. Qxd5 Rd8 13. Qb3 Na5 14. Qa3 Nxd2 15. Qxa5 Ne4 16. Qc7 Qxc7 17. Bxc7 Rdc8 18. Bf4 Nd6 19. Bf1 Bf8 20. a4 a5 21. Ne5 f6 22. Nd3 Nc4 23. b3 Nd6 24. c4 g5 25. Bxd6 exd6 26. Re3 Re8 27. Rae1 Rxe3 28. fxe3 Re8 29. Kf2 Bg6 30. Be2 f5 31. Bf3 b6 32. Bc6 Re7 33. Bd5+ Kh8 34. g3 Bg7 35. h4 gxh4 36. gxh4 Bf6 37. Rh1 Be8 38. Nf4 Rg7 39. Bf3 Kg8 40. Bh5 Bd7 41. Bf3 Be8 42. Bd5+ Kh8 43. Be6 Rg4 44. h5 Bh4+ 45. Kf3 Rg3+ 46. Ke2 Bg5 47. Bxf5 Bxf4 48. exf4 Rxb3 49. h6 Bxa4 50. Rg1 Be8 51. Rg7 Bh5+ 52. Kd2 Bg6 53. Be6 Rd3+ 54. Kc1 1-0


[Site "https://www.chess.com"]

[Event "Titled Tuesday Blitz February 15 Early 2022"]
[White "Dzhaparov, Medet"]
[Black "Zheenbekov, Nurgazy"]
[WhiteFideId "13803689"]
[BlackFideId "13800485"]
[WhiteElo "1702"]
[BlackElo "1959"]
[Result "0-1"]
[Round "09"]
[TimeControl "180+1"]
[Date "2022.02.15"]
[WhiteClock "0:00:19"]
[BlackClock "0:01:10"]

1. e4 e5 2. Nf3 Nc6 3. d4 exd4 4. Nxd4 Bc5 5. Be3 Qf6 6. c3 Nge7 7. Bc4 O-O 8. O-O Bb6 9. Re1 d6 10. Nxc6 bxc6 11. Bxb6 axb6 12. Re3 Ng6 13. Nd2 Ne5 14. Bb3 Be6 15. Rg3 c5 16. Bxe6 fxe6 17. Qe2 Ng6 18. Qg4 e5 19. Rf3 Qe7 20. Rxf8+ Rxf8 21. Nf1 Nf4 22. Ne3 Qe6 23. Qxe6+ Nxe6 24. Nd5 Ra8 25. a3 Kf7 26. Re1 b5 27. Re3 g6 28. Rf3+ Kg7 29. h4 c4 30. g4 Rf8 31. Rxf8 Kxf8 32. Nb4 Nc5 33. f3 Na4 34. Na6 c6 35. Nb8 Nxb2 36. Nxc6 Na4 37. Na7 Nxc3 38. Nc8 Nb1 39. Kf2 c3 0-1


[Site "https://www.chess.com"]

[Event "Titled Tuesday Blitz February 15 Early 2022"]
[White "Eynullayev, Altay"]
[Black "Shyaamnikhil P"]
[WhiteFideId "13413562"]
[BlackFideId "5024218"]
[WhiteElo "2079"]
[BlackElo "2292"]
[Result "0-1"]
[Round "09"]
[TimeControl "180+1"]
[Date "2022.02.15"]
[WhiteClock "0:00:04"]
[BlackClock "0:00:16"]

1. e4 e5 2. Nf3 Nc6 3. Bb5 a6 4. Ba4 Nge7 5. O-O g6 6. c3 Bg7 7. d4 b5 8. Bc2 exd4 9. cxd4 d5 10. exd5 Nxd5 11. Re1+ Be6 12. Bg5 Qd6 13. Nbd2 O-O 14. Ne4 Qb4 15. Bb3 Nxd4 16. Nxd4 Qxd4 17. Qf3 h6 18. Rad1 Qxb2 19. Rb1 Qd4 20. Rbd1 Qb2 21. Re2 Qxe2 22. Qxe2 hxg5 23. Bxd5 Rfe8 24. Bxe6 Rxe6 25. Qc2 Rae8 26. Nd2 Re2 27. Qd3 c5 28. Nf1 c4 29. Qf3 R2e6 30. Ne3 c3 31. a3 a5 32. Rc1 b4 33. axb4 axb4 34. Qb7 Bf8 35. g3 Rd8 36. Kg2 Rd2 37. Qb5 Rxe3 38. Qxg5 Ree2 39. Rf1 c2 40. h4 Be7 41. Qf4 b3 42. Qb8+ Kg7 43. Qxb3 Bf6 44. h5 Rxf2+ 45. Rxf2 Rxf2+ 46. Kxf2 c1=Q 47. h6+ Qxh6 0-1


[Site "https://www.chess.com"]